 Dungeon Crawl Stone Soup version 0.30-a0-250-g41c1d76940 (webtiles) character file.

Game seed: 1562567538924701386

681190 droid the Conqueror (level 27, -6/273 HPs)
             Began as a Hill Orc Fighter on Oct 12, 2022.
             Was a High Priest of Okawaru.
             Mangled by Ignacio
             ... wielding a +4 executioner's axe of pain
              (17 damage)
             ... in Pandemonium on Oct 13, 2022.
             The game lasted 03:14:16 (74597 turns).

droid the Conqueror (Hill Orc Fighter)             Turns: 74597, Time: 03:14:17

Health: -6/273     AC: 55    Str: 39 (41) XL:     27
Magic:  31/31      EV: 16    Int: 11      God:    Okawaru [*****.]
Gold:   6015       SH: 36    Dex: 16      Spells: 26/26 levels left

rFire   + + +      SeeInvis +    h - +9 broad axe (drain)
rCold   + + +      Faith    .    Q - +6 tower shield {rC+ rF+}
rNeg    + + +      Spirit   .    S - +9 crystal plate armour "Xuphen" {Contam rN+ Str+4 Int+5}
rPois   +          Reflect  +    b - +0 helmet of Rotation {rC+}
rElec   +          Harm     .    H - +1 cloak "Uckuq" {Rampage Dex+3 Stlth-}
rCorr   +          Rampage  +    c - +2 pair of gloves "Cysma" {rF+ rC+ Dex+3 Slay+3}
Will    +++++                    e - +3 pair of boots of the Trees {Contam Fly rN+ Will+}
Stlth   ..........               s - amulet of the Singing Enemy {Reflect Will+ Str+4 Slay+3 SH+5}
HPRegen 0.65/turn                V - ring "Roal" {rElec rPois rN+ rCorr}
MPRegen 0.22/turn                T - ring "Moin Ihu" {rF+ rC+ Will+ Slay+2}

@: flying, hasted, studying 5 skills, very quick
A: see invisible, deterioration 1, dopey 1, fire resistance 1
}: 6/15 runes: decaying, serpentine, slimy, silver, abyssal, demonic
a: Renounce Religion, Heroism, Finesse, Duel


You were in Pandemonium.
You worshipped Okawaru.
Okawaru was extremely pleased with you.
You visited 11 branches of the dungeon, and saw 51 of its levels.
You visited Pandemonium 1 time, and saw 2 of its levels.
You visited the Abyss 5 times.
You visited 1 ziggurat, and saw 9 of its levels.
You also visited: Trove, Ossuary, Gauntlet, Wizlab and Desolation.

You collected 10769 gold pieces.
You spent 4754 gold pieces at shops.

Inventory:

Hand Weapons
 d - the +3 war axe of Okawaru's Delight {vorpal, rCorr}
   (Okawaru gifted it to you on level 3 of the Vaults)

   It inflicts extra damage upon your enemies.
   rCorr:     It protects you from acid and corrosion.
 h - a +9 broad axe of draining (weapon)
 i - the +8 frozen axe "Frostbite" {freezing cloud, *Noise Fly rC+}
   (Okawaru gifted it to you on level 10 of the Dungeon)

   It freezes those it strikes, dealing additional cold damage.
   It can also slow down cold-blooded creatures.
   It occasionally leaves clouds of freezing vapour upon striking a foe.
   It grants immunity to clouds of freezing vapour.
   rC:        It protects you from cold.
   Fly:       It grants you flight.
   *Noise:    It may make noises in combat.
 p - a +4 vorpal broad axe
 q - a +0 broad axe of venom
 w - the +7 hand axe of Honour {antimagic, rF- rN++}
   (You found it on level 5 of the Lair of Beasts)

   It reduces the magical energy of the wielder, and disrupts the spells and
   magical abilities of those it strikes.
   Natural abilities and divine invocations are not affected.
   rF:        It makes you vulnerable to fire.
   rN:        It greatly protects you from negative energy.
 E - a +4 executioner's axe of flaming
 Y - the +7 war axe of Jereaddu {distort, Fly rF+ Int+3}
   (Okawaru gifted it to you on level 2 of the Orcish Mines)

   It warps and distorts space around it, and may blink, banish, or inflict
   extra damage upon those it strikes.
   Unwielding it can cause banishment or high damage.
   Int:       It affects your intelligence (+3).
   rF:        It protects you from fire.
   Fly:       It grants you flight.
Missiles
 N - a throwing net (quivered)
Armour
 a - the +2 helmet of Yloczoro {rF+ rC- rN++ Int+3}
   (Okawaru gifted it to you on level 2 of the Crypt)

   Int:       It affects your intelligence (+3).
   rF:        It protects you from fire.
   rC:        It makes you vulnerable to cold.
   rN:        It greatly protects you from negative energy.
 b - the +0 helmet of Rotation (worn) {rC+}
   (You bought it in a shop on level 1 of the Elven Halls)

   rC:        It protects you from cold.
 c - the +2 pair of gloves "Cysma" (worn) {rF+ rC+ Dex+3 Slay+3}
   (Okawaru gifted it to you on level 1 of the Depths)

   Dex:       It affects your dexterity (+3).
   Slay:      It affects your accuracy & damage with ranged weapons and melee
   (+3).
   rF:        It protects you from fire.
   rC:        It protects you from cold.
 e - the +3 pair of boots of the Trees (worn) {Contam Fly rN+ Will+}
   (You acquired it on level 2 of the Vaults)

   rN:        It protects you from negative energy.
   Fly:       It grants you flight.
   Contam:    It causes magical contamination when unequipped.
   Will:      It increases your willpower.
 H - the +1 cloak "Uckuq" (worn) {Rampage Dex+3 Stlth-}
   (Okawaru gifted it to you on level 2 of the Snake Pit)

   Dex:       It affects your dexterity (+3).
   Rampage:   It bestows one free step when moving towards enemies.
   Stlth:     It makes you less stealthy.
 Q - a +6 tower shield of resistance (worn)
 S - the +9 crystal plate armour "Xuphen" (worn) {Contam rN+ Str+4 Int+5}
   (Okawaru gifted it to you on level 12 of the Dungeon)

   Str:       It affects your strength (+4).
   Int:       It affects your intelligence (+5).
   rN:        It protects you from negative energy.
   Contam:    It causes magical contamination when unequipped.
Jewellery
 l - the ring of Ygez {rC+ Dex+2 Slay+6}
   (You found it on level 1 of the Crypt)

   [ring of protection from cold]

   Dex:       It affects your dexterity (+2).
   Slay:      It affects your accuracy & damage with ranged weapons and melee
   (+6).
   rC:        It protects you from cold.
 s - the amulet of the Singing Enemy (around neck) {Reflect Will+ Str+4 Slay+3 SH+5}
   (You took it off a deep elf demonologist on level 3 of the Elven Halls)

   [amulet of reflection]

   It reflects blocked missile attacks.
   Str:       It affects your strength (+4).
   Slay:      It affects your accuracy & damage with ranged weapons and melee
   (+3).
   SH:        It affects your SH (+5).
   Will:      It increases your willpower.
 C - the ring "Nuod" {rElec rPois rN+}
   (You acquired it in the Desolation of Salt)

   [ring of positive energy]

   rElec:     It insulates you from electricity.
   rPois:     It protects you from poison.
   rN:        It protects you from negative energy.
 F - the ring "Suyg Ymu" {rF+ Will+}
   (You acquired it on level 2 of the Vaults)

   [ring of willpower]

   rF:        It protects you from fire.
   Will:      It increases your willpower.
 G - the ring of the Tortoise {AC+8}
   (You found it on level 8 of a ziggurat)

   [ring of protection]

   AC:        It affects your AC (+8).
 T - the ring "Moin Ihu" (right hand) {rF+ rC+ Will+ Slay+2}
   (You bought it in a shop on level 4 of the Depths)

   [ring of protection from cold]

   Slay:      It affects your accuracy & damage with ranged weapons and melee
   (+2).
   rF:        It protects you from fire.
   rC:        It protects you from cold.
   Will:      It increases your willpower.
 V - the ring "Roal" (left hand) {rElec rPois rN+ rCorr}
   (You found it on level 3 of the Crypt)

   [ring of positive energy]

   rElec:     It insulates you from electricity.
   rPois:     It protects you from poison.
   rN:        It protects you from negative energy.
   rCorr:     It protects you from acid and corrosion.
 Z - the ring of Ethraqod {rC- rN+ Str+5 Slay+6}
   (You found it on level 3 of the Crypt)

   [ring of positive energy]

   Str:       It affects your strength (+5).
   Slay:      It affects your accuracy & damage with ranged weapons and melee
   (+6).
   rC:        It makes you vulnerable to cold.
   rN:        It protects you from negative energy.
Wands
 k - a wand of polymorph (7)
 J - a wand of iceblast (60)
 M - a wand of flame (94)
 P - a wand of digging (25)
Scrolls
 n - 4 scrolls of silence
 o - 19 scrolls of enchant weapon
 u - 18 scrolls of teleportation
 y - 8 scrolls of magic mapping
 U - 5 scrolls of fear
 X - 6 scrolls of blinking
Potions
 f - 2 potions of might
 j - 9 potions of ambrosia
 m - 14 potions of mutation
 r - 2 potions of berserk rage
 t - 3 potions of brilliance
 v - 7 potions of cancellation
 x - 4 potions of invisibility
 A - 2 potions of resistance
 B - 10 potions of haste
 D - 25 potions of curing
 L - 2 potions of magic


   Skills:
 O Level 27 Fighting
 + Level 4.0 Short Blades
 - Level 24.1 Axes
 + Level 3.5 Staves
 + Level 3.2 Throwing
 O Level 27 Armour
 * Level 15.7 Dodging
 - Level 2.9 Stealth
 O Level 27 Shields
 + Level 4.1 Conjurations
 + Level 3.3 Hexes
 + Level 3.1 Summonings
 + Level 3.6 Necromancy
 + Level 2.3 Translocations
 + Level 2.1 Transmutations
 + Level 3.7 Fire Magic
 + Level 3.1 Ice Magic
 + Level 2.5 Air Magic
 + Level 4.4 Earth Magic
 + Level 2.7 Poison Magic
 - Level 11.9 Invocations
 - Level 1.6 Evocations


You had 26 spell levels left.
You didn't know any spells.
Your spell library contained the following spells:

 Spells                   Type           Power      Damage    Failure   Level
 Sandblast                Erth           18%        2d7       22%         1
 Magic Dart               Conj           36%        1d4       24%         1
 Foxfire                  Conj/Fire      32%        2x1d5     26%         1
 Kiss of Death            Conj/Necr      32%        2d7       26%         1
 Necrotise                Necr           28%        1d5       30%         1
 Shock                    Conj/Air       28%        1d4       32%         1
 Slow                     Hex            28%        N/A       34%         1
 Scorch                   Fire           16%        2d6       41%         2
 Sublimation of Blood     Necr           7%         N/A       41%         2
 Sting                    Tmut/Pois      20%        1d4       43%         1
 Apportation              Tloc           10%        N/A       45%         1
 Ensorcelled Hibernation  Hex/Ice        14%        N/A       45%         2
 Momentum Strike          Conj/Tloc      14%        3d8       45%         2
 Passwall                 Tmut/Erth      5%         N/A       45%         2
 Static Discharge         Conj/Air       14%        2-3/arc   45%         2
 Cigotuvi's Dreadful Rot  Necr/Pois/Air  12%        N/A       52%         2
 Poisonous Vapours        Pois/Air       10%        N/A       56%         2
 Stone Arrow              Conj/Erth      18%        3d8       56%         3
 Dazzling Flash           Conj/Hex       16%        N/A       63%         3
 Hailstorm                Conj/Ice       8%         3d4       65%         3
 Vampiric Draining        Necr           7%         2d6       65%         3
 Confusing Touch          Hex            7%         N/A       71%         3
 Frozen Ramparts          Ice            14%        1d3       71%         3
 Mephitic Cloud           Conj/Pois/Air  6%         N/A       71%         3
 Ozocubu's Armour         Ice            7%         N/A       71%         3
 Ignite Poison            Fire/Tmut/Pois 6%         N/A       77%         3
 Kindle Blastsparks       Fire/Tloc/Air  12%        2d11      77%         3
 Portal Projectile        Hex/Tloc       12%        N/A       77%         3
 Swiftness                Air            5%         N/A       80%         3
 Spider Form              Tmut/Pois      5%         N/A       82%         3
 Vhi's Electric Charge    Tloc/Air       10%        N/A       82%         3
 Gell's Gravitas          Tloc           5%         N/A       83%         3
 Lesser Beckoning         Tloc           10%        N/A       83%         3
 Teleport Other           Tloc           5%         N/A       83%         3
 Flame Wave               Conj/Fire      8%         2d5       95%         4
 Fulminant Prism          Conj/Hex       4%         3d6       95%         4
 Leda's Liquefaction      Hex/Erth       4%         N/A       95%         4
 Sticky Flame             Conj/Fire      8%         2d3       95%         4
 Dispel Undead            Necr           7%         3d8       96%         4
 Anguish                  Hex/Necr       3%         N/A       97%         4
 Iskenderun's Mystic Bla  Conj/Tloc      7%         2d4       98%         4
 Petrify                  Tmut/Erth      7%         N/A       98%         4
 Airstrike                Air            2%         2d(1-17)  99%         4
 Ice Form                 Ice/Tmut       5%         N/A       99%         4
 Manifold Assault         Tloc           5%         N/A       99%         4
 Olgreb's Toxic Radiance  Pois           6%         N/A       99%         4
 Passage of Golubria      Tloc           5%         N/A       99%         4
 Lee's Rapid Deconstruct  Erth           4%         3d6*      99%         5
 Agony                    Necr           7%         N/A       100%        5
 Alistair's Intoxication  Tmut/Pois      3%         N/A       100%        5
 Arcjolt                  Conj/Air       3%         1d13      100%        5
 Blade Hands              Tmut           2%         N/A       100%        5
 Borgnjor's Vile Clutch   Necr/Erth      4%         N/A       100%        5
 Fireball                 Conj/Fire      4%         3d4       100%        5
 Freezing Cloud           Conj/Ice/Air   3%         6-21      100%        5
 Irradiate                Conj/Tmut      3%         3d12      100%        5
 Iskenderun's Battlesphe  Conj           9%         2d6       100%        5
 Lightning Bolt           Conj/Air       3%         1d15      100%        5
 Yara's Violent Unravell  Hex/Tmut       2%         3d3       100%        5
 Conjure Ball Lightning   Conj/Air       3%         3x3d6     100%        6
 Dispersal                Tloc           2%         N/A       100%        6
 Eringya's Noxious Bog    Tmut/Pois      2%         N/A       100%        6
 Iron Shot                Conj/Erth      4%         9d2       100%        6
 Starburst                Conj/Fire      4%         6d3       100%        6
 Statue Form              Tmut/Erth      4%         N/A       100%        6
 Dragon Form              Tmut           2%         N/A       100%        7
 Enfeeble                 Hex            3%         N/A       100%        7
 Orb of Destruction       Conj           4%         9d5       100%        7
 Ozocubu's Refrigeration  Ice            3%         4d8       100%        7
 Borgnjor's Revivificati  Necr           3%         N/A       100%        8
 Discord                  Hex            3%         N/A       100%        8
 Disjunction              Tloc           2%         N/A       100%        8
 Ignition                 Fire           4%         3d4       100%        8
 Lehudib's Crystal Spear  Conj/Erth      4%         10d3      100%        8
 Necromutation            Tmut/Necr      3%         N/A       100%        8
 Chain Lightning          Conj/Air       3%         3d4       100%        9
 Death's Door             Necr           3%         N/A       100%        9
 Fire Storm               Conj/Fire      4%         8d1       100%        9
 Shatter                  Erth           4%         3d8*      100%        9
 Call Imp                 Summ           Unusable   N/A       N/A         2
 Tukima's Dance           Hex            Unusable   N/A       N/A         3
 Animate Armour           Summ/Erth      Unusable   N/A       N/A         4
 Summon Ice Beast         Ice/Summ       Unusable   N/A       N/A         4
 Summon Forest            Summ/Tloc      Unusable   N/A       N/A         5
 Death Channel            Necr           Unusable   N/A       N/A         6
 Simulacrum               Ice/Necr       Unusable   N/A       N/A         6
 Summon Cactus Giant      Summ           Unusable   N/A       N/A         6
 Spellforged Servitor     Conj/Summ      Unusable   N/A       N/A         7
 Summon Hydra             Summ           Unusable   N/A       N/A         7

Dungeon Overview and Level Annotations

Branches:
Dungeon (15/15)            Temple (1/1) D:6            Lair (5/5) D:8
  Swamp (4/4) Lair:3        Snake (4/4) Lair:2        Slime (5/5) Lair:5
    Orc (2/2) D:10            Elf (3/3) Orc:2        Vaults (5/5) D:14
  Crypt (3/3) Vaults:2       Tomb (0/3) Crypt:3      Depths (4/4) D:15
    Zot (0/5) Depths:4    Ossuary (visited)          WizLab (visited)
Desolation (visited)      Gauntlet (visited)

Altars:
Ashenzari
Cheibriados
Dithmenos
Elyvilon
Fedhas
Gozag
Hepliaklqana
Kikubaaqudgha
Makhleb
Nemelex Xobeh
Okawaru
Qazlal
Ru
Sif Muna
Trog
Uskayaw
Vehumet
Wu Jian
Xom
Yredelemnul
Zin
The Shining One
Jiyva

Shops:
D:1 *   D:5 [   D:13 *   Orc:2 !?*:(   Elf:1 [   Elf:2 !   Snake:3 !
Snake:4 =(   Vaults:3 [   Depths:1 *   Depths:4 :==

Portals:
Hell: Depths:1 Depths:2 Depths:3 Depths:4
Abyss: Depths:3
Pandemonium: Depths:2 Depths:3 Depths:4

Annotations:
Lair:1 exclusion: oklob plant
Lair:4 exclusion: oklob plant
Vaults:2 2 transporters, Budghuxen's ghost, veteran HOFi; Jeirass's ghost, legendary FoFi
Pan Ignacio


Innate Abilities, Weirdness & Mutations

You have supernaturally acute eyesight. (SInv)
Your body sometimes deteriorates upon taking damage.
You are dopey. (Int -2)
Your flesh is heat resistant. (rF+)


Message History

Okay, then.
You are too confused!
The sun demon attacks as you move away!
The sun demon hits you but does no damage.
You feel sick. Ignacio hits you but does no damage. Ignacio closely misses you.
Ignacio hits you but does no damage. x4; Ignacio completely misses you.
Ignacio hits you but does no damage.
You feel sick.
Ignacio hits you with a +4 executioner's axe of pain!
* * * LOW HITPOINT WARNING * * *
Ignacio hits you but does no damage. Ignacio misses you.
Ignacio hits you but does no damage.
Ignacio hits you with a +4 executioner's axe of pain!
* * * LOW HITPOINT WARNING * * *
Ignacio hits you with a +4 executioner's axe of pain.
* * * LOW HITPOINT WARNING * * *
Ignacio hits you but does no damage. x2; The sun demon closely misses you.
Unknown command.
You feel yourself speed up.
You feel sick. Ignacio barely misses you.
Ignacio hits you but does no damage. x3
Ignacio hits you with a +4 executioner's axe of pain!
* * * LOW HITPOINT WARNING * * *
Ignacio hits you with a +4 executioner's axe of pain!
* * * LOW HITPOINT WARNING * * *
Ignacio hits you but does no damage. x5; Ignacio closely misses you.
The sun demon misses you.
The sun demon hits you but does no damage.
Found a book of the Moon.
You are no longer corroded.
You feel sick.
Ignacio hits you with a +4 executioner's axe of pain.
* * * LOW HITPOINT WARNING * * *
Ignacio hits you but does no damage. x3
Ignacio hits you with a +4 executioner's axe of pain!
* * * LOW HITPOINT WARNING * * *
Ignacio hits you but does no damage. Ignacio closely misses you. x2
The sun demon hits you but does no damage.
You feel better.
You feel less invigorated.
Ignacio hits you with a +4 executioner's axe of pain!
You die...

##..## .: .#...
. ###...# .
..... #. #).#
#.# ##..#
####..##...####
.......31.......
#####.[@3..[....
#...#.###.#.##
....##..# .#.#
### ..## .# #
#.# .# .. #.. #.


You could see Ignacio (fast) and 2 sun demons.

Vanquished Creatures
  the Royal Jelly (Slime:5)
  3 dread liches
  An ancient lich (Vaults:5)
  Mara (Vaults:4)
  2 juggernauts
  Boris (Vaults:2)
  Sojobo (Depths:1)
  4 Killer Klowns (Zig:8)
  A royal mummy (Zig:2)
  Frederick (Crypt:2)
  the Lernaean hydra (Swamp:4)
  Margery (Vaults:2)
  A Head Instructor (WizLab)
  Saint Roka (Depths:4)
  Vashnia (Snake:2)
  A pandemonium lord (Zig:8)
  A profane servitor (Crypt:3)
  Nikola (Vaults:2)
  2 golden dragons
  Jory (Vaults:2)
  4 bone dragons
  A tentacled monstrosity (Vaults:4)
  Zenata (Elf:2)
  2 hellephants (Abyss:4)
  7 liches
  Asterion (Depths:1)
  Mlioglotl (Snake:3)
  An Ice Fiend (Pan)
  Jorgrun (Swamp:3)
  2 walking crystal tomes
  5 deep elf blademasters
  2 deep elf master archers (Elf:3)
  3 walking earthen tomes (Depths:3)
  3 quicksilver dragons
  24 acid blobs
  3 titans
  10 sphinxes
  8 ancient champions
  10 tentacled starspawn (Abyss:4)
  2 walking divine tomes (Depths:3)
  2 Executioners
  Kirke (Swamp:3)
  9 tengu reavers
  Donald (Swamp:2)
  4 storm dragons
  3 shadow dragons
  Roxanne (Elf:3)
  2 revenants
  6 nagarajas
  9 azure jellies
  4 fire giants
  7 rockslimes
  5 iron dragons
  4 deep elf sorcerers
  2 cacodemons
  7 frost giants
  A draconian shifter (Abyss:4)
  A draconian knight (WizLab)
  3 imperial myrmidons (Desolation)
  2 draconian scorchers
  20 vault wardens
  A shard shrike simulacrum (Crypt:3)
  An angel (Abyss:3)
  6 balrugs
  Louise (Snake:2)
  Aizul (Snake:2)
  5 curse skulls
  3 ghouls
  5 deep elf elementalists (Elf:3)
  2 spriggan defenders (Depths:3)
  A demonspawn corrupter (Pan)
  A draconian annihilator (Depths:4)
  4 reapers
  11 quicksilver oozes
  A demonspawn blood saint (Pan)
  An orc warlord (Vaults:2)
  28 very ugly things
  24 ironbound preservers
  10 stone giants
  3 caustic shrike skeletons
  4 war gargoyles
  15 vampire knights
  3 ironbound thunderhulks
  5 eleionomae
  The ghost of Sobieck the Wallflower, a journeyman AtFi of Uskayaw (D:15)
  8 deep elf annihilators
  11 deep elf demonologists
  A demonspawn black sun (Pan)
  A minotaur (Gauntlet)
  4 bunyips
  A minotaur (shapeshifter) (Elf:3)
  2 red draconians (Depths:4)
  A purple draconian (Depths:4)
  2 lorocyprocas (Pan)
  A halazid warlock (Desolation)
  3 yellow draconians (Depths:4)
  A spark wasp (Depths:3)
  2 eidola
  A blizzard demon (Abyss:4)
  10 dire elephants
  16 deep elf death magi
  Josephine (D:12)
  8 fire dragons
  4 crystal guardians
  Fannar (Lair:1)
  An entropy weaver (shapeshifter) (Abyss:4)
  5 entropy weavers
  14 deep elf high priests
  26 jiangshi
  9 ettins
  2 merfolk javelineers (Zig:7)
  21 yaktaur captains
  11 servants of whispers (Desolation)
  A hell beast (Depths:3)
  17 great orbs of eyes
  9 ragged hierophants
  A spectral spriggan (Crypt:3)
  2 spriggan zombies
  7 ice dragons
  6 rakshasas
  9 peacekeepers
  17 hydras
  A salamander tyrant (Snake:4)
  5 ogre magi
  35 vault guards
  7 spriggan air magi
  3 ghost crabs
  9 death knights
  2 catoblepae
  7 two-headed ogres
  A bennu zombie (Crypt:2)
  6 boulder beetles
  13 naga warriors
  7 anacondas
  10 ironbound frosthearts
  2 radroaches (shapeshifter) (Vaults:5)
  A deep troll shaman (Depths:4)
  5 tengu warriors
  32 dancing weapons
  3 death yaks (Lair:5)
  An Orb Guardian skeleton (Crypt:1)
  12 alligators
  14 centaur warriors
  4 orc high priests (Orc:2)
  13 vampire magi
  A deep troll earth mage (Depths:3)
  2 hell hogs (Depths:1)
  2 soul eaters
  Urug (D:11)
  19 naga sharpshooters
  6 spriggan berserkers
  14 thrashing horrors (Abyss:4)
  13 shock serpents
  Sonja (Lair:2)
  7 sun demons
  17 deep elf knights
  12 spriggans
  15 hell knights
  3 sixfirhies (Abyss:4)
  4 wretched stars (Abyss:4)
  8 salamander mystics
  50 skeletal warriors
  5 shadow wraiths
  A fire crab (Lair:5)
  13 flayed ghosts
  6 spriggan druids
  45 deep trolls
  2 sea snakes (Zig:7)
  6 goliath frogs
  A swamp dragon (shapeshifter) (Vaults:5)
  9 swamp dragons
  5 naga ritualists
  A death drake (Swamp:4)
  9 glowing orange brains
  A golden dragon zombie (D:15)
  16 wizards
  4 bog bodies
  27 deep elf zephyrmancers
  An iron giant skeleton (Crypt:2)
  10 necromancers
  11 deep elf archers
  24 ironbound convokers
  21 phantasmal warriors
  16 lindwurms
  13 harpies
  13 mana vipers
  30 deep elf pyromancers
  A faun (shapeshifter) (Depths:3)
  A broodmother zombie (Crypt:2)
  14 orc knights
  45 ugly things
  A frost giant zombie (Depths:2)
  A wolf spider (Lair:5)
  95 slime creatures
  2 manticores
  2 moths of wrath (shapeshifter)
  A fire giant zombie (D:15)
  8 salamanders
  5 will-o-the-wisps
  4 cyclopes
  5 orc sorcerers
  9 shining eyes
  28 starcursed masses
  2 elephants (Lair:5)
  An ice statue (D:10)
  A guardian serpent (Lair:5)
  2 moths of wrath
  A dire elephant zombie (Crypt:1)
  A rust devil (Depths:2)
  2 worldbinders (Abyss:4)
  7 smoke demons
  A merfolk siren (Zig:7)
  A shock serpent zombie (Crypt:1)
  A stone giant skeleton (Depths:2)
  18 vault sentinels
  An eye of devastation (Slime:1)
  38 black mambas
  27 naga magi
  3 apocalypse crabs
  A titan simulacrum (Abyss:4)
  A fire giant skeleton (Crypt:2)
  15 cane toads
  2 black mambas (shapeshifter)
  4 molten gargoyles (Desolation)
  2 orange demons
  An alligator snapping turtle zombie (Crypt:1)
  A hellion (Gauntlet)
  An unseen horror (Abyss:4)
  A dire elephant skeleton (Abyss:4)
  5 rime drakes
  4 komodo dragons
  2 gargoyles
  5 freezing wraiths
  4 efreet
  3 kobold demonologists
  An alligator snapping turtle skeleton (Crypt:1)
  A pale draconian skeleton (Crypt:1)
  8 hellwings
  35 yaktaurs
  3 merfolk (Zig:7)
  A tengu conjurer (Depths:3)
  5 ancient zymes (Abyss:4)
  2 ice devils
  A red devil (Pan)
  A hydra zombie (Crypt:1)
  An unseen horror skeleton (D:9)
  2 harpy zombies (Crypt:1)
  A wolf spider simulacrum (D:15)
  A meliai (shapeshifter) (Elf:3)
  5 meliai
  A bloated husk (Swamp:2)
  9 tyrant leeches
  A tyrant leech (shapeshifter) (Vaults:5)
  Prince Ribbit (D:9)
  8 hornets
  7 dream sheep
  12 raiju
  3 snapping turtles (Zig:7)
  52 saltlings
  3 tarantellas
  12 blink frogs
  A fire giant simulacrum (Depths:2)
  An alligator zombie (Crypt:1)
  2 ettin zombies
  50 flying skulls
  2 shadows (Crypt:3)
  25 large abominations
  A spriggan (shapeshifter) (Zig:8)
  3 ynoxinuls
  Sigmund (D:2)
  A spriggan skeleton (Zig:2)
  4 water elementals
  7 air elementals
  16 wyverns
  A dire elephant simulacrum (Crypt:1)
  11 wraiths
  46 yaks
  5 fire elementals
  A vampire (D:10)
  3 basilisks
  10 chaos spawn
  14 small abominations
  A redback (shapeshifter) (Vaults:4)
  6 neqoxecs (Abyss:4)
  6 golden eyes
  8 vampire mosquitoes
  4 hogs (Swamp:3)
  3 steam dragons
  3 redbacks
  16 swamp worms
  8 wargs
  2 acid dragons (D:11)
  66 nagas
  An acid dragon (shapeshifter) (Elf:1)
  20 water moccasins
  A demonspawn skeleton (Crypt:2)
  2 floating eyes
  3 hell hounds
  Duvessa (D:5)
  A hornet zombie (D:6)
  A sky beast (D:7)
  28 orc warriors
  12 swamp drakes
  A swamp dragon zombie (Crypt:2)
  A black bear (Lair:1)
  9 wolves
  A black mamba simulacrum (Crypt:1)
  A manticore skeleton (Crypt:1)
  10 ogres
  20 centaurs
  A phantom (D:6)
  9 kobold brigands
  5 bullfrogs
  5 earth elementals
  An elf skeleton (Crypt:2)
  2 gnoll sergeants
  2 wyvern zombies
  A demonspawn simulacrum (Crypt:3)
  8 necrophages
  11 scorpions
  A water moccasin zombie (D:6)
  A polar bear zombie (Crypt:1)
  Dowan (D:5)
  11 wights
  15 killer bees
  3 howler monkeys (D:12)
  5 electric eels
  A spectral centaur (D:9)
  A bullfrog zombie (D:6)
  A centaur zombie (Ossuary)
  2 quasits (Abyss:4)
  6 hounds
  3 jellies
  2 human zombies
  17 orc priests
  6 centaur skeletons
  3 gnoll boudas
  An iron imp (Abyss:4)
  2 scorpion zombies (Ossuary)
  Jessica (D:2)
  Natasha (thrice) (D:2)
  An iguana (D:4)
  26 orc wizards
  11 hell rats
  A killer bee zombie (D:6)
  A naga zombie (Crypt:2)
  4 mummies
  A howler monkey zombie (D:9)
  Robin (D:2)
  18 gnolls
  A howler monkey skeleton (D:9)
  6 adders
  4 white imps
  2 ufetubi
  4 worms
  3 dart slugs
  74 orcs
  5 ball pythons
  9 bats
  A bat skeleton (Crypt:1)
  6 endoplasms
  4 giant cockroaches
  3 gnoll zombies (Ossuary)
  12 goblins
  11 hobgoblins
  18 jackals
  6 quokkas
  7 frilled lizards
  2 hobgoblin zombies (Ossuary)
  39 kobolds
  4 orc zombies (Ossuary)
  8 rats
  A lurking horror (Abyss:4)
  6 starspawn tentacles (Abyss:4)
2674 creatures vanquished.

Vanquished Creatures (others)
  A dancing weapon (Pan)
  A vampire mage (Depths:4)
  A deep elf knight (Elf:3)
  A goliath frog (Swamp:4)
  A sixfirhy (Pan)
  A wizard (Vaults:3)
  A will-o-the-wisp (Swamp:3)
  2 bloated husks
  A blink frog (Abyss:4)
  A tyrant leech (Swamp:2)
  A water elemental (Abyss:4)
  A small abomination (Abyss:4)
  A bush (Lair:5)
  3 demonic plants
  16 foxfires
  34 fungi
  A lurking horror (Abyss:4)
  102 plants
  9 starspawn tentacles
  7 withered plants (D:15)
186 creatures vanquished.

Grand Total: 2860 creatures vanquished

Notes
Turn   | Place    | Note
-------+----------+-------------------------------------------
     0 | D:1      | droid the Hill Orc Fighter began the quest for the Orb.
     0 | D:1      | Reached XP level 1. HP: 19/19 MP: 1/1
    49 | D:1      | Reached XP level 2. HP: 9/27 MP: 2/2
   438 | D:1      | Reached XP level 3. HP: 33/33 MP: 3/3
   655 | D:1      | Found Dijoh's Assorted Antiques.
  1308 | D:2      | Noticed Natasha
  1327 | D:2      | Killed Natasha
  1328 | D:2      | Reached XP level 4. HP: 24/40 MP: 4/4
  1399 | D:2      | Found a faded altar of an unknown god.
  1507 | D:2      | Noticed Natasha
  1521 | D:2      | Killed Natasha
  1522 | D:2      | Reached skill level 5 in Axes
  1648 | D:2      | Reached XP level 5. HP: 39/46 MP: 5/5
  1653 | D:2      | Noticed Jessica
  1674 | D:2      | Killed Jessica
  1823 | D:2      | Noticed Robin
  1839 | D:2      | Killed Robin
  1993 | D:2      | Noticed Sigmund
  2019 | D:2      | Killed Sigmund
  2020 | D:2      | Reached XP level 6. HP: 19/53 MP: 6/6
  2420 | D:2      | Noticed Natasha
  2429 | D:2      | Killed Natasha
  2695 | D:3      | Found an ancient bone altar of Kikubaaqudgha.
  2777 | D:3      | Found a shadowy altar of Dithmenos.
  3084 | D:3      | Reached XP level 7. HP: 60/60 MP: 7/7
  3281 | D:3      | Found a radiant altar of Vehumet.
  4109 | D:5      | Entered Level 5 of the Dungeon
  4638 | D:4      | Reached skill level 5 in Fighting
  4849 | D:5      | Reached skill level 5 in Armour
  4849 | D:5      | Reached skill level 1 in Dodging
  4849 | D:5      | Reached XP level 8. HP: 59/68 MP: 8/8
  4954 | D:5      | Found Eziq's Antique Armour Shoppe.
  5230 | D:5      | Noticed Duvessa
  5230 | D:5      | Noticed Dowan
  5242 | D:5      | Killed Duvessa
  5243 | D:5      | Reached skill level 10 in Axes
  5251 | D:5      | Killed Dowan
  5331 | D:5      | Found a white marble altar of Elyvilon.
  5864 | D:5      | Found a broken altar of Ashenzari.
  5974 | D:6      | Reached XP level 9. HP: 71/75 MP: 9/9
  6106 | D:6      | Found a staircase to the Ecumenical Temple.
  6172 | Temple   | Entered the Ecumenical Temple
  6285 | Temple   | Became a worshipper of Warmaster Okawaru
  7497 | D:7      | Found a bloodstained altar of Trog.
  7534 | D:7      | Reached * piety under Okawaru
  7542 | D:7      | Found a sand-covered staircase.
  7547 | Ossuary  | Entered an ossuary
  8016 | Ossuary  | Reached ** piety under Okawaru
  8017 | Ossuary  | Reached XP level 10. HP: 81/84 MP: 10/10
  8250 | D:7      | Reached skill level 5 in Shields
  9401 | D:8      | Found a sacrificial altar of Ru.
  9471 | D:8      | Reached skill level 15 in Axes
  9535 | D:8      | Reached *** piety under Okawaru
  9870 | D:8      | Noticed a centaur warrior
  9896 | D:8      | Killed a centaur warrior
  9896 | D:8      | Reached **** piety under Okawaru
 10064 | D:8      | Found a staircase to the Lair.
 10101 | D:8      | Found a snail-covered altar of Cheibriados.
 10648 | D:9      | Reached XP level 11. HP: 94/95 MP: 11/11
 10964 | D:9      | Received a gift from Okawaru
 11465 | D:9      | Reached ***** piety under Okawaru
 11725 | D:9      | Noticed Prince Ribbit
 11741 | D:9      | Killed Prince Ribbit
 12287 | D:9      | Noticed a wizard
 12293 | D:9      | Killed a wizard
 12471 | D:10     | Entered Level 10 of the Dungeon
 12671 | D:10     | Reached skill level 10 in Fighting
 13326 | D:11     | Noticed a red ugly thing
 13339 | D:11     | Noticed a two-headed ogre
 13801 | D:11     | Noticed Urug
 13814 | D:11     | Noticed a cyclops
 14053 | D:11     | Killed a two-headed ogre
 14057 | D:10     | Found a glowing golden altar of the Shining One.
 14214 | D:10     | Found a staircase to the Orcish Mines.
 14271 | D:10     | Received a gift from Okawaru
 14271 | D:10     | Found the +8 frozen axe "Frostbite" {freezing cloud, *Noise
                  | Fly rC+}
 14272 | D:10     | Reached skill level 10 in Armour
 14352 | Orc:1    | Entered Level 1 of the Orcish Mines
 14352 | Orc:1    | Noticed an orc knight
 14362 | D:10     | Reached XP level 12. HP: 69/108 MP: 6/12
 14911 | Orc:2    | Entered Level 2 of the Orcish Mines
 15314 | Orc:2    | Noticed an orc high priest
 15722 | Orc:2    | Killed an orc high priest
 15722 | Orc:2    | Received a gift from Okawaru
 15766 | Orc:2    | Found Juiwid's Distillery.
 15775 | Orc:2    | Bought a potion of heal wounds for 75 gold pieces
 15775 | Orc:2    | Bought a potion of berserk rage for 75 gold pieces
 15775 | Orc:2    | Bought a potion of curing for 45 gold pieces
 15775 | Orc:2    | Bought a potion of might for 60 gold pieces
 15775 | Orc:2    | Bought a potion of mutation for 120 gold pieces
 15775 | Orc:2    | Bought a potion of mutation for 120 gold pieces
 15885 | Orc:2    | Found a staircase to the Elven Halls.
 16067 | Orc:2    | Noticed an orc high priest
 16076 | Orc:2    | Killed an orc high priest
 16076 | Orc:2    | Noticed an orc high priest
 16082 | Orc:2    | Reached skill level 1 in Stealth
 16082 | Orc:2    | Reached ****** piety under Okawaru
 16083 | Orc:2    | Noticed an orc high priest
 16084 | Orc:2    | Killed an orc high priest
 16084 | Orc:2    | Identified the +7 war axe of Jereaddu {distort, Fly rF+
                  | Int+3} (Okawaru gifted it to you on level 2 of the Orcish
                  | Mines)
 16084 | Orc:2    | Received a gift from Okawaru
 16086 | Orc:2    | Found Tiampi's General Store.
 16086 | Orc:2    | Found Uhufywei's Magic Scroll Boutique.
 16092 | Orc:2    | Noticed a soul eater
 16093 | Orc:2    | Killed an orc high priest
 16094 | Orc:2    | Reached XP level 13. HP: 30/117 MP: 2/13
 16491 | Orc:2    | Found Zihaill's Weapon Emporium.
 16491 | Orc:2    | Found Hilyon's Book Boutique.
 16497 | Orc:2    | Bought a scroll of teleportation for 42 gold pieces
 16497 | Orc:2    | Bought a scroll of enchant armour for 105 gold pieces
 16500 | Orc:2    | Bought a +4 vorpal broad axe for 392 gold pieces
 16503 | Orc:2    | Bought a scroll of fear for 60 gold pieces
 16503 | Orc:2    | Bought a scroll of identify for 30 gold pieces
 16503 | Orc:2    | Bought a scroll of teleportation for 45 gold pieces
 16503 | Orc:2    | Bought a scroll of blinking for 112 gold pieces
 16503 | Orc:2    | Bought a scroll of identify for 30 gold pieces
 17397 | Lair:1   | Entered Level 1 of the Lair of Beasts
 17818 | Lair:1   | Noticed Fannar
 17827 | Lair:1   | Killed Fannar
 18002 | Lair:1   | Found a blossoming altar of Fedhas.
 18971 | Lair:2   | Noticed Sonja
 18987 | Lair:2   | Killed Sonja
 18987 | Lair:2   | Identified the +0 cloak "Unearohu" {Will+ Int+2} (Okawaru
                  | gifted it to you on level 2 of the Lair of Beasts)
 18987 | Lair:2   | Received a gift from Okawaru
 19596 | Lair:2   | Found a staircase to the Snake Pit.
 19768 | Lair:2   | Identified a scroll of acquirement
 19769 | Lair:2   | Acquired a +0 vampiric war axe
 20442 | Lair:3   | Found a staircase to the Swamp.
 20838 | D:11     | Identified the +5 hand axe "Tafoz" {venom, Drain rC+ Int+2}
 21252 | Lair:4   | Found a basalt altar of Yredelemnul.
 21521 | Lair:4   | Identified the +9 short sword of the Neverending Knives
                  | {pain, Fragile rC+ SInv}
 21580 | Lair:5   | Entered Level 5 of the Lair of Beasts
 21686 | Lair:5   | Reached XP level 14. HP: 127/127 MP: 14/14
 21693 | Lair:5   | Identified the +6 short sword "Ofutioh" {flame, Will+}
 21708 | Lair:5   | Reached skill level 1 in Invocations
 21775 | Lair:5   | Found a viscous altar of Jiyva.
 21775 | Lair:5   | Found a staircase to the Slime Pits.
 22192 | Lair:5   | Received a gift from Okawaru
 22241 | Lair:5   | Identified the +7 hand axe of Honour {antimagic, rF- rN++}
 22362 | Lair:5   | Found a hazy altar of Hepliaklqana.
 22712 | Lair:5   | Received a gift from Okawaru
 23641 | D:11     | Killed Urug
 24078 | D:12     | Found a gate leading to a gauntlet.
 24090 | Gauntlet | Entered a Gauntlet
 24090 | Gauntlet | Found a transporter.
 24090 | Gauntlet | Found a transporter.
 24094 | Gauntlet | Found a transporter.
 24094 | Gauntlet | Found a transporter.
 24105 | Gauntlet | Found a transporter.
 24117 | Gauntlet | Found a transporter.
 24122 | Gauntlet | Found a transporter.
 24122 | Gauntlet | Found a transporter.
 24126 | Gauntlet | Found a transporter.
 24153 | Gauntlet | Found a transporter.
 24160 | Gauntlet | Found a transporter.
 24178 | Gauntlet | Found a transporter.
 24224 | Gauntlet | Found a transporter.
 24238 | Gauntlet | Found a transporter.
 24338 | Gauntlet | Found a transporter.
 24353 | Gauntlet | Found a transporter.
 24636 | Gauntlet | Identified the amulet "Velyr" {RegenMP rN+ Will+++ Dex-4
                  | Stlth+}
 24643 | Gauntlet | Reached XP level 15. HP: 138/138 MP: 16/16
 24803 | D:12     | Found a portal to a secret trove of treasure.
 24921 | D:12     | Found a stormy altar of Qazlal.
 25157 | D:12     | Noticed Josephine
 25167 | D:12     | Killed Josephine
 25353 | D:12     | Identified the +9 crystal plate armour "Xuphen" {Contam rN+
                  | Str+4 Int+5} (Okawaru gifted it to you on level 12 of the
                  | Dungeon)
 25353 | D:12     | Received a gift from Okawaru
 25743 | D:13     | Found Ecwom's Hallowed Reliquary.
 25745 | D:13     | Noticed an angel
 25910 | D:13     | Reached skill level 15 in Fighting
 26469 | D:13     | Bought a potion of heal wounds for 80 gold pieces
 27450 | D:14     | Identified the ring "Doaxuarphi" {Str+6 Dex+2}
 27475 | D:14     | Found a gate to the Vaults.
 27630 | D:14     | Identified the +1 chain mail "Qiah Qucs" {rF++ rN+ Will-
                  | Int+3} (Okawaru gifted it to you on level 14 of the
                  | Dungeon)
 27630 | D:14     | Received a gift from Okawaru
 27799 | D:15     | Entered Level 15 of the Dungeon
 28133 | D:15     | Found a shimmering altar of Xom.
 28133 | D:15     | Noticed Sobieck's ghost (journeyman AtFi)
 28135 | D:15     | Identified the +5 quarterstaff "Wustecet" {chaos, *Rage
                  | Str+2 Dex+7}
 28137 | D:15     | Found a runed translucent door.
 28235 | D:15     | Reached XP level 16. HP: 155/155 MP: 17/17
 28265 | D:15     | Found a staircase to the Depths.
 28291 | D:15     | Reached skill level 15 in Armour
 28531 | D:15     | Killed Sobieck's ghost
 29338 | Snake:1  | Entered Level 1 of the Snake Pit
 29367 | Snake:1  | Identified the amulet of the Heavens {Spirit Str+5}
 29412 | Snake:1  | Identified the +0 crystal plate armour of Quth {rElec}
                  | (Okawaru gifted it to you on level 1 of the Snake Pit)
 29412 | Snake:1  | Received a gift from Okawaru
 31027 | Snake:2  | Identified the +1 cloak "Uckuq" {Rampage Dex+3 Stlth-}
                  | (Okawaru gifted it to you on level 2 of the Snake Pit)
 31027 | Snake:2  | Received a gift from Okawaru
 31315 | Snake:2  | Got the Commentary on the Metallic Dead
 31395 | Snake:2  | Noticed Vashnia
 31417 | Snake:2  | Killed Vashnia
 31418 | Snake:2  | Reached XP level 17. HP: 70/170 MP: 9/18
 32032 | Snake:2  | Noticed Louise
 32047 | Snake:2  | Killed Louise
 32469 | Snake:3  | Noticed Aizul
 32495 | Snake:2  | Killed Aizul
 32503 | Snake:2  | HP: 8/171 [poisoned by Aizul (bolt of poison)]
 33326 | Snake:3  | Found Nolem's Distillery.
 33335 | Snake:3  | Bought a potion of heal wounds for 80 gold pieces
 33335 | Snake:3  | Bought a potion of resistance for 160 gold pieces
 33335 | Snake:3  | Bought a potion of curing for 48 gold pieces
 33335 | Snake:3  | Bought a potion of cancellation for 128 gold pieces
 33513 | Snake:3  | Noticed Mlioglotl
 33537 | Snake:4  | Entered Level 4 of the Snake Pit
 33915 | Snake:4  | Received a gift from Okawaru
 34267 | Snake:4  | Found Fushiama's Jewellery Emporium.
 34269 | Snake:4  | Found Ducuelab's Antique Weapon Shoppe.
 34605 | Snake:4  | Identified the +1 robe of Red Birdsong {rN+} (Okawaru
                  | gifted it to you on level 4 of the Snake Pit)
 34605 | Snake:4  | Received a gift from Okawaru
 35272 | Snake:4  | Got a serpentine rune of Zot
 35366 | Snake:3  | Killed Mlioglotl
 35438 | Snake:3  | Reached XP level 18. HP: 174/182 MP: 17/20
 35727 | Snake:3  | Found a blossoming altar of Fedhas.
 35955 | Swamp:1  | Entered Level 1 of the Swamp
 36522 | Swamp:1  | Reached skill level 10 in Shields
 36921 | Swamp:2  | Noticed Donald
 36937 | Swamp:2  | Killed Donald
 37331 | Swamp:3  | Identified the +8 chain mail "Itho" {rN+++ Str+4 Stlth-}
                  | (Okawaru gifted it to you on level 3 of the Swamp)
 37331 | Swamp:3  | Received a gift from Okawaru
 37643 | Swamp:3  | Identified the +1 chain mail of Tyryut {rF++ Slay-5}
 37660 | Swamp:3  | Noticed Jorgrun
 37665 | Swamp:3  | Killed Jorgrun
 37768 | Swamp:3  | Noticed Kirke
 37776 | Swamp:3  | Killed Kirke
 38200 | Swamp:4  | Entered Level 4 of the Swamp
 38988 | Swamp:4  | Noticed the 27-headed Lernaean hydra
 39834 | Swamp:4  | Killed the 26-headed Lernaean hydra
 39922 | Swamp:4  | Identified the +1 crystal plate armour of Lucidity {Harm
                  | Rampage rCorr Stlth+} (Okawaru gifted it to you on level 4
                  | of the Swamp)
 39922 | Swamp:4  | Received a gift from Okawaru
 40059 | Swamp:4  | Got a decaying rune of Zot
 40103 | Swamp:4  | Reached XP level 19. HP: 164/193 MP: 18/22
 41323 | Vaults:1 | Entered Level 1 of the Vaults
 41468 | Vaults:1 | Found a crumbling gateway.
 41484 | Desolati | Entered the Desolation of Salt
 41640 | Desolati | Identified the +0 plate armour "Lisazom" {rC++ Str+4}
 41958 | Desolati | Identified the +2 plate armour "Etownuc" {*Corrode rPois
                  | rC+ Int+4}
 41960 | Desolati | Identified the +8 flail "Demonbane" {freeze, *Corrode rN++
                  | Int+4 SInv}
 42479 | Desolati | Identified the +2 pair of gloves of the Known World {rN+
                  | Str+2 Slay-4} (Okawaru gifted it to you in the Desolation
                  | of Salt)
 42479 | Desolati | Received a gift from Okawaru
 42694 | Desolati | Identified the ring of Kewaevui {Fire rElec Dex+3}
 42700 | Desolati | Acquired the ring "Nuod" {rElec rPois rN+}
 43149 | Vaults:1 | Reached skill level 15 in Shields
 43449 | Vaults:1 | Reached XP level 20. HP: 136/204 MP: 9/23
 43667 | Vaults:1 | Received a gift from Okawaru
 44571 | Vaults:1 | Received a gift from Okawaru
 44893 | Vaults:2 | Found a staircase to the Crypt.
 44948 | Vaults:2 | Noticed Jory
 44974 | Vaults:2 | Killed Jory
 45208 | Vaults:2 | Noticed Nikola
 45215 | Vaults:2 | Killed Nikola
 45224 | Vaults:2 | Found a transporter.
 45226 | Vaults:2 | Noticed Budghuxen's ghost (veteran HOFi)
 45229 | Vaults:2 | Noticed Jeirass's ghost (legendary FoFi)
 45229 | Vaults:2 | Noticed a dread lich
 45253 | Vaults:2 | Found a transporter.
 45678 | Vaults:2 | Noticed Boris
 45686 | Vaults:2 | Killed Boris
 45832 | Vaults:2 | Noticed Margery
 45840 | Vaults:2 | Killed Margery
 45840 | Vaults:2 | Identified the +9 scale mail "Zoudeffu" {Str+4 Int+2}
                  | (Okawaru gifted it to you on level 2 of the Vaults)
 45840 | Vaults:2 | Received a gift from Okawaru
 45846 | Vaults:2 | Reached XP level 21. HP: 130/217 MP: 14/24
 46115 | Vaults:2 | Found a transporter.
 46117 | Vaults:2 | Found a shimmering blue altar of Sif Muna.
 46153 | Vaults:2 | Noticed a dread lich
 46634 | Abyss:3  | Cast into level 3 of the Abyss (a deep elf sorcerer)
 46755 | Vaults:2 | Escaped the Abyss
 46758 | Vaults:2 | Paralysed by a dread lich for 2 turns
 46762 | Vaults:2 | Killed a dread lich
 46767 | Vaults:2 | Paralysed by something for 2 turns
 46779 | Abyss:3  | Cast into level 3 of the Abyss (a wizard)
 46925 | Abyss:4  | Found an ancient bone altar of Kikubaaqudgha.
 47128 | Abyss:4  | Reached skill level 5 in Invocations
 47129 | Abyss:4  | Paralysed by a great orb of eyes for 3 turns
 47166 | Vaults:2 | Escaped the Abyss
 47421 | Vaults:2 | Identified the +1 pair of gloves "Mecva" {rPois rC- Dex+3}
 47451 | Vaults:2 | Found a transporter.
 47499 | Vaults:2 | Acquired the ring "Suyg Ymu" {rF+ Will+}
 47501 | Vaults:2 | Acquired 875 gold pieces
 47503 | Vaults:2 | Acquired the +3 pair of boots of the Trees {Contam Fly rN+
                  | Will+}
 47704 | Vaults:3 | Identified the +8 double sword "Jejowoos" {elec, rCorr}
                  | (Okawaru gifted it to you on level 3 of the Vaults)
 47704 | Vaults:3 | Received a gift from Okawaru
 48456 | Vaults:3 | Found Erphereo's Antique Armour Shoppe.
 48579 | Vaults:3 | Identified the +3 war axe of Okawaru's Delight {vorpal,
                  | rCorr} (Okawaru gifted it to you on level 3 of the Vaults)
 48579 | Vaults:3 | Received a gift from Okawaru
 49070 | Vaults:4 | Reached XP level 22. HP: 231/231 MP: 25/25
 49563 | Vaults:4 | Identified the +6 tower shield of Zin {Dex+4}
 49846 | Vaults:4 | Noticed Mara
 49847 | Vaults:4 | Noticed droid's illusion
 49881 | Vaults:4 | Killed Mara
 50524 | Vaults:5 | Entered Level 5 of the Vaults
 50545 | Vaults:4 | Identified the +6 sling "Wizeuvotu" {freeze, rC+} (Okawaru
                  | gifted it to you on level 4 of the Vaults)
 50545 | Vaults:4 | Received a gift from Okawaru
 50548 | Vaults:4 | Reached skill level 27 in Fighting
 51091 | Vaults:5 | Received a gift from Okawaru
 51382 | Vaults:5 | Noticed a golden dragon
 51404 | Vaults:5 | Killed a golden dragon
 51566 | Vaults:5 | Reached XP level 23. HP: 196/240 MP: 16/27
 52253 | Vaults:5 | Noticed an ancient lich
 52274 | Vaults:5 | Killed an ancient lich
 52434 | Vaults:5 | Got a silver rune of Zot
 52443 | Vaults:5 | Identified the +6 whip of the Heavens {vorpal, Str+3}
 52567 | Vaults:5 | Identified the +1 plate armour of Ekuful {rPois Regen+
                  | rCorr Str-5}
 53873 | Slime:1  | Entered Level 1 of the Pits of Slime
 53883 | Slime:1  | Gained mutation: You sometimes lose your temper in combat.
                  | [a shining eye]
 53884 | Slime:1  | Identified the +0 pair of gloves of the Evening Star {rN+}
                  | (Okawaru gifted it to you on level 1 of the Pits of Slime)
 53884 | Slime:1  | Received a gift from Okawaru
 54577 | Slime:2  | Gained mutation: Your spells are a little easier to cast,
                  | but a little less powerful. [a shining eye]
 54853 | Slime:5  | Entered Level 5 of the Pits of Slime
 55003 | Slime:5  | Paralysed by a great orb of eyes for 3 turns
 55027 | Slime:5  | Noticed the Royal Jelly
 55041 | Slime:5  | Killed the Royal Jelly
 55355 | Slime:3  | Paralysed by a floating eye for 4 turns
 55396 | Slime:2  | Gained mutation: Your magical capacity is low. (-10% MP) [a
                  | shining eye]
 55397 | Slime:2  | Gained mutation: You are occasionally teleported next to
                  | monsters. [a shining eye]
 55604 | Slime:5  | Reached XP level 24. HP: 249/249 MP: 25/25
 55679 | Slime:5  | Identified the +4 chain mail "Ykkianol" {Will+}
 55710 | Slime:5  | Got a slimy rune of Zot
 55749 | Slime:5  | Identified the +3 dagger "Hepigreipn" {vorpal, rF++ Str+4}
 56089 | Slime:5  | Gained mutation: You are vulnerable to heat. (rF-) [a
                  | shining eye]
 56091 | Slime:5  | Gained mutation: You are clumsy. (Dex -2) [a shining eye]
 56092 | Slime:5  | Gained mutation: You occasionally lose the ability to read
                  | scrolls when taking damage. [a shining eye]
 56250 | Slime:5  | Acquired 854 gold pieces
 56383 | Slime:5  | Lost mutation: You sometimes lose your temper in combat.
                  | [potion of mutation]
 56383 | Slime:5  | Lost mutation: You occasionally lose the ability to read
                  | scrolls when taking damage. [potion of mutation]
 56383 | Slime:5  | Lost mutation: Your magical capacity is low. (-10% MP)
                  | [potion of mutation]
 56383 | Slime:5  | Gained mutation: Armour fits poorly on your strangely
                  | shaped body. [potion of mutation]
 56383 | Slime:5  | Lost mutation: Your spells are a little easier to cast, but
                  | a little less powerful. [potion of mutation]
 56384 | Slime:5  | Lost mutation: Armour fits poorly on your strangely shaped
                  | body. [potion of mutation]
 56384 | Slime:5  | Lost mutation: You are clumsy. (Dex -2) [potion of
                  | mutation]
 56384 | Slime:5  | Gained mutation: You have large cloven feet. [potion of
                  | mutation]
 56384 | Slime:5  | Gained mutation: You have a pair of small antennae on your
                  | head. [potion of mutation]
 56384 | Slime:5  | Gained mutation: You have hoof-like feet. [potion of
                  | mutation]
 56385 | Slime:5  | Lost mutation: You have hoof-like feet. [potion of
                  | mutation]
 56385 | Slime:5  | Lost mutation: You are vulnerable to heat. (rF-) [potion of
                  | mutation]
 56385 | Slime:5  | Lost mutation: You are occasionally teleported next to
                  | monsters. [potion of mutation]
 56385 | Slime:5  | Gained mutation: Your flesh is cold resistant. (rC+)
                  | [potion of mutation]
 56385 | Slime:5  | Gained mutation: You are partially covered in iridescent
                  | scales. (AC +2) [potion of mutation]
 56648 | Elf:1    | Entered Level 1 of the Elven Halls
 56709 | Elf:1    | Received a gift from Okawaru
 56742 | Elf:1    | Found Utyopop's Armour Shop.
 56750 | Elf:1    | Bought the +0 helmet of Rotation {rC+} for 351 gold pieces
 57502 | Elf:2    | Found a radiant altar of Vehumet.
 57587 | Elf:2    | Paralysed by an air elemental for 1 turns
 57593 | Elf:2    | Paralysed by an air elemental for 1 turns
 58027 | Elf:2    | Found Yhusmil's Distillery.
 58035 | Elf:2    | Bought a potion of heal wounds for 55 gold pieces
 58035 | Elf:2    | Bought a potion of curing for 33 gold pieces
 58035 | Elf:2    | Bought a potion of mutation for 88 gold pieces
 58035 | Elf:2    | Bought a potion of mutation for 88 gold pieces
 58035 | Elf:2    | Bought a potion of heal wounds for 55 gold pieces
 58035 | Elf:2    | Bought a potion of haste for 110 gold pieces
 58035 | Elf:2    | Bought a potion of berserk rage for 55 gold pieces
 58130 | Elf:2    | Found a runed translucent gate.
 58131 | Elf:2    | Found a runed translucent gate.
 58132 | Elf:2    | Found a runed translucent gate.
 58404 | Elf:2    | Identified the +8 chain mail "Goorchiuwk" {+Blink Int-2
                  | Slay+2} (Okawaru gifted it to you on level 2 of the Elven
                  | Halls)
 58404 | Elf:2    | Received a gift from Okawaru
 58614 | Elf:3    | Entered Level 3 of the Elven Halls
 58671 | Elf:3    | Noticed Zenata
 59032 | Elf:2    | Killed Zenata
 59127 | Elf:3    | Reached skill level 27 in Shields
 59448 | Elf:3    | Identified the +5 glaive of the Onslaught {vorpal, rC+
                  | Str+3 Dex-5}
 59464 | Elf:3    | Identified the amulet of the Singing Enemy {Reflect Will+
                  | Str+4 Slay+3 SH+5}
 59573 | Elf:3    | Found the +4 Cigotuvi's embrace {rMiasma Drain rN+}
 59579 | Elf:3    | Identified the +5 mace of Okawaru {drain, rC+ Dex+4}
 59796 | Elf:3    | Identified Roxanne's Quarto of Stones
 59796 | Elf:3    | Noticed Roxanne
 59806 | Elf:3    | Killed Roxanne
 59957 | Elf:3    | Reached XP level 25. HP: 257/257 MP: 30/30
 60046 | Elf:3    | Lost mutation: Your flesh is cold resistant. (rC+) [potion
                  | of mutation]
 60046 | Elf:3    | Lost mutation: You have large cloven feet. [potion of
                  | mutation]
 60046 | Elf:3    | Lost mutation: You are partially covered in iridescent
                  | scales. (AC +2) [potion of mutation]
 60046 | Elf:3    | Gained mutation: Your mind is acute. (Int +4, Str/Dex -1)
                  | [potion of mutation]
 60047 | Elf:3    | Lost mutation: Your mind is acute. (Int +4, Str/Dex -1)
                  | [potion of mutation]
 60047 | Elf:3    | Lost mutation: You have a pair of small antennae on your
                  | head. [potion of mutation]
 60047 | Elf:3    | Gained mutation: Your mind is acute. (Int +4, Str/Dex -1)
                  | [potion of mutation]
 60047 | Elf:3    | Gained mutation: Your spells are a little harder to cast,
                  | but a little more powerful. [potion of mutation]
 60047 | Elf:3    | Gained mutation: You are frail. (-10% HP) [potion of
                  | mutation]
 60048 | Elf:3    | Lost mutation: Your mind is acute. (Int +4, Str/Dex -1)
                  | [potion of mutation]
 60048 | Elf:3    | Lost mutation: Your spells are a little harder to cast, but
                  | a little more powerful. [potion of mutation]
 60048 | Elf:3    | Gained mutation: You do not regenerate when monsters are
                  | visible. [potion of mutation]
 60048 | Elf:3    | Gained mutation: You have large cloven feet. [potion of
                  | mutation]
 60048 | Elf:3    | Gained mutation: You have hoof-like feet. [potion of
                  | mutation]
 60049 | Elf:3    | Lost mutation: You do not regenerate when monsters are
                  | visible. [potion of mutation]
 60049 | Elf:3    | Lost mutation: You are frail. (-10% HP) [potion of
                  | mutation]
 60049 | Elf:3    | Lost mutation: You have hoof-like feet. [potion of
                  | mutation]
 60049 | Elf:3    | Gained mutation: You are dopey. (Int -2) [potion of
                  | mutation]
 60049 | Elf:3    | Gained mutation: You expend magic power (3 MP) to
                  | strengthen your wands. [potion of mutation]
 60282 | Depths:1 | Entered Level 1 of the Depths
 60347 | Depths:1 | Found a blossoming altar of Fedhas.
 60403 | Depths:1 | Reached skill level 10 in Invocations
 60449 | Depths:1 | Identified the +2 pair of gloves "Cysma" {rF+ rC+ Dex+3
                  | Slay+3} (Okawaru gifted it to you on level 1 of the Depths)
 60449 | Depths:1 | Received a gift from Okawaru
 60609 | Depths:1 | Found Seemaw's Serpentskin Sales.
 60683 | Depths:1 | You are sucked into a shaft and drop 1 floor!
 60683 | Depths:2 | Found a one-way gateway to a ziggurat.
 61016 | Depths:2 | Found a one-way gate leading to the halls of Pandemonium.
 61304 | Depths:2 | Found a gateway to Hell.
 61466 | Depths:1 | Noticed Sojobo
 61478 | Depths:1 | Killed Sojobo
 61673 | Depths:1 | Identified the +0 kite shield of the Salmon {Will+ Int+3
                  | Dex+4}
 61673 | Depths:1 | Noticed Asterion
 61685 | Depths:1 | Killed Asterion
 62198 | Depths:3 | Paralysed by a floating eye for 2 turns
 62225 | Depths:3 | Found a one-way gate to the infinite horrors of the Abyss.
 62321 | Depths:3 | Found a runed translucent door.
 62322 | Depths:3 | Noticed a juggernaut
 62331 | Depths:3 | Found a runed translucent door.
 62343 | Depths:3 | Killed a juggernaut
 62371 | Depths:3 | Received a gift from Okawaru
 62739 | Depths:3 | Identified the +9 dagger of Wuthrerph {spect, *Noise rN+
                  | Int+2 Stlth+}
 63005 | Depths:3 | Reached skill level 5 in Dodging
 63291 | Depths:4 | Entered Level 4 of the Depths
 63301 | Depths:4 | Found a magical portal.
 63327 | WizLab   | Entered Yara's Duelist Academy
 63356 | WizLab   | Identified the +5 swamp dragon scales of Fortification
                  | {Harm rPois Str+2} (Okawaru gifted it to you in a wizard's
                  | laboratory)
 63356 | WizLab   | Received a gift from Okawaru
 63404 | WizLab   | Noticed Wuihoras
 63413 | WizLab   | Killed Wuihoras the Head Instructor
 63663 | WizLab   | Reached XP level 26. HP: 242/266 MP: 15/31
 64354 | Depths:4 | Found a gate to the Realm of Zot.
 64488 | Depths:4 | Found Deogaor's Book Emporium.
 64488 | Depths:4 | Found Byxux's Jewellery Boutique.
 64489 | Depths:4 | Found Jostremud's Jewellery Boutique.
 64495 | Depths:4 | Bought the ring "Moin Ihu" {rF+ rC+ Will+ Slay+2} for 1060
                  | gold pieces
 64499 | Depths:4 | Bought the amulet of the Dragon {Faith Contam Harm rElec
                  | rF+} for 1052 gold pieces
 64518 | Depths:4 | Noticed Saint Roka
 64548 | Depths:4 | Killed Saint Roka
 64989 | Depths:4 | Found an ancient bone altar of Kikubaaqudgha.
 65366 | Depths:3 | Voluntarily entered the Abyss.
 65648 | Abyss:4  | Reached skill level 27 in Armour
 65723 | Abyss:4  | Identified the +6 hand crossbow of Mana {penet, rElec
                  | Stlth+} (Okawaru gifted it to you on level 4 of the Abyss)
 65723 | Abyss:4  | Received a gift from Okawaru
 65880 | Depths:3 | Escaped the Abyss
 66625 | Depths:3 | Voluntarily entered the Abyss.
 66653 | Abyss:4  | Found a corrupted altar of Lugonu.
 66772 | Abyss:4  | Found a corrupted altar of Lugonu.
 66838 | Abyss:4  | Reached skill level 1 in Evocations
 66991 | Abyss:4  | Gained mutation: Your spells are a little easier to cast,
                  | but a little less powerful. [a neqoxec]
 67131 | Abyss:4  | Paralysed by accursed screaming for 1 turns
 67159 | Abyss:4  | Paralysed by accursed screaming for 1 turns
 67163 | Abyss:4  | Got an abyssal rune of Zot
 67177 | Depths:3 | Escaped the Abyss
 67505 | Depths:3 | Lost mutation: Your spells are a little easier to cast, but
                  | a little less powerful. [potion of mutation]
 67505 | Depths:3 | Lost mutation: You expend magic power (3 MP) to strengthen
                  | your wands. [potion of mutation]
 67505 | Depths:3 | Gained mutation: Your flesh is heat resistant. (rF+)
                  | [potion of mutation]
 67505 | Depths:3 | Lost mutation: You have large cloven feet. [potion of
                  | mutation]
 67505 | Depths:3 | Gained mutation: You have supernaturally acute eyesight.
                  | (SInv) [potion of mutation]
 67914 | Zig:1    | Entered Level 1 of a ziggurat
 67929 | Zig:2    | Entered Level 2 of a ziggurat
 67932 | Zig:2    | Noticed a royal mummy
 67944 | Zig:2    | Killed a royal mummy
 67945 | Zig:2    | Reached skill level 10 in Dodging
 68224 | Zig:3    | Entered Level 3 of a ziggurat
 68227 | Zig:3    | Noticed a juggernaut
 68236 | Zig:3    | Killed a juggernaut
 68254 | Zig:4    | Entered Level 4 of a ziggurat
 68308 | Zig:4    | Identified the +7 quarterstaff "Peanata" {distort, rF-
                  | rCorr Dex+2}
 68313 | Zig:5    | Entered Level 5 of a ziggurat
 68329 | Zig:5    | Reached XP level 27. HP: 273/273 MP: 25/31
 68373 | Zig:6    | Entered Level 6 of a ziggurat
 68389 | Zig:6    | Reached skill level 1 in Necromancy
 68425 | Zig:6    | Identified the +9 morningstar "Kedd" {drain, rPois rF+
                  | Dex+3 Stlth-}
 68434 | Zig:7    | Entered Level 7 of a ziggurat
 68443 | Zig:7    | Reached skill level 1 in Short Blades
 68463 | Zig:7    | Reached skill level 1 in Ice Magic
 68589 | Zig:7    | Identified the +6 short sword "Jupnalid" {vorpal, rC+
                  | Int+3}
 68607 | Zig:7    | Identified the +5 dagger "Botaskogu" {speed, +Blink rElec
                  | Int+3 Dex+4}
 68616 | Zig:7    | Reached skill level 1 in Staves
 68616 | Zig:7    | Reached skill level 1 in Throwing
 68616 | Zig:7    | Reached skill level 1 in Conjurations
 68616 | Zig:7    | Reached skill level 1 in Hexes
 68616 | Zig:7    | Reached skill level 1 in Summonings
 68616 | Zig:7    | Reached skill level 1 in Fire Magic
 68616 | Zig:7    | Reached skill level 1 in Air Magic
 68616 | Zig:7    | Reached skill level 1 in Earth Magic
 68616 | Zig:7    | Reached skill level 1 in Poison Magic
 68620 | Zig:8    | Entered Level 8 of a ziggurat
 68624 | Zig:8    | Noticed Keg Mir the pandemonium lord
 68630 | Zig:8    | Found the ring of the Tortoise {AC+8}
 68635 | Zig:8    | Killed Keg Mir the pandemonium lord
 68638 | Zig:8    | Identified the +3 hand axe of Sophism {protect, Contam rC+
                  | rCorr} (Okawaru gifted it to you on level 8 of a ziggurat)
 68638 | Zig:8    | Received a gift from Okawaru
 68711 | Zig:9    | Entered Level 9 of a ziggurat
 68721 | Zig:9    | Noticed a dread lich
 68736 | Zig:9    | Killed a dread lich
 68737 | Zig:9    | Reached skill level 1 in Translocations
 68737 | Zig:9    | Reached skill level 1 in Transmutations
 68764 | Zig:9    | Identified the +9 great mace "Transmigrator" {vamp, rF-
                  | Str+6}
 68771 | Zig:9    | Identified the +1 chain mail of Serendipity {Dex+3}
 69621 | D:12     | You paid a toll of +5 ice dragon scales to enter a treasure
                  | trove
 69622 | Trove    | Entered a treasure trove
 69678 | Trove    | Got Sif Muna's Quarto of Injurious Lightning
 69863 | Crypt:1  | Entered Level 1 of the Crypt
 69987 | Crypt:1  | Received a gift from Okawaru
 70136 | Crypt:1  | Identified the ring of Ygez {rC+ Dex+2 Slay+6}
 70367 | Crypt:1  | Found an ancient bone altar of Kikubaaqudgha.
 70370 | Crypt:1  | Identified the +4 plate armour "Jiga" {Rampage Will+++
                  | rCorr Stlth-}
 70984 | Crypt:2  | Noticed Frederick
 70995 | Crypt:2  | Killed Frederick
 71035 | Crypt:2  | Identified the +2 helmet of Yloczoro {rF+ rC- rN++ Int+3}
                  | (Okawaru gifted it to you on level 2 of the Crypt)
 71035 | Crypt:2  | Received a gift from Okawaru
 71765 | Crypt:3  | Entered Level 3 of the Crypt
 71957 | Crypt:3  | Found an ancient bone altar of Kikubaaqudgha.
 72261 | Crypt:3  | Identified the +1 short sword of Baukoinimu {elec, rElec
                  | MP-9 Stlth+}
 72346 | Crypt:3  | Found a staircase to the Tomb.
 72346 | Crypt:3  | Noticed a dread lich
 72355 | Crypt:3  | Killed a dread lich
 72355 | Crypt:3  | Received a gift from Okawaru
 72432 | Crypt:3  | Reached skill level 15 in Dodging
 72898 | Crypt:3  | Identified the ring "Roal" {rElec rPois rN+ rCorr}
 72898 | Crypt:3  | Identified the ring of Ethraqod {rC- rN+ Str+5 Slay+6}
 72898 | Crypt:3  | Identified the ring "Utsyere" {rPois rN+}
 73870 | Pan      | Entered Pandemonium
 74249 | Pan      | Found a huge runed translucent gate.
 74249 | Pan      | Found a huge runed translucent gate.
 74250 | Pan      | Found a huge runed translucent gate.
 74250 | Pan      | Found a huge runed translucent gate.
 74250 | Pan      | Found a huge runed translucent gate.
 74251 | Pan      | Found a huge runed translucent gate.
 74251 | Pan      | Found a huge runed translucent gate.
 74252 | Pan      | Found a huge runed translucent gate.
 74252 | Pan      | Found a huge runed translucent gate.
 74252 | Pan      | Found a huge runed translucent gate.
 74253 | Pan      | Found a huge runed translucent gate.
 74253 | Pan      | Found a huge runed translucent gate.
 74254 | Pan      | Found a huge runed translucent gate.
 74254 | Pan      | Found a huge runed translucent gate.
 74254 | Pan      | Found a huge runed translucent gate.
 74254 | Pan      | Found a huge runed translucent gate.
 74255 | Pan      | Found a huge runed translucent gate.
 74255 | Pan      | Found a huge runed translucent gate.
 74255 | Pan      | Found a huge runed translucent gate.
 74255 | Pan      | Found a huge runed translucent gate.
 74255 | Pan      | Found a huge runed translucent gate.
 74255 | Pan      | Noticed Ibiati the pandemonium lord
 74353 | Pan      | Found an exit through the horrors of the Abyss.
 74445 | Pan      | Identified the ring "Gugepa" {Wiz rPois}
 74506 | Pan      | Noticed Zimyaryb the pandemonium lord
 74510 | Pan      | Gained mutation: Your body sometimes deteriorates upon
                  | taking damage. [a cacodemon]
 74526 | Abyss:4  | Cast into level 4 of the Abyss (+1 demon trident of
                  | distortion)
 74542 | Abyss:4  | Found a transporter.
 74578 | Pan      | Escaped the Abyss
 74583 | Pan      | Got a demonic rune of Zot
 74589 | Pan      | Noticed Ignacio
 74596 | Pan      | HP: 1/273 [Ignacio/+4 executioner's axe of pain (15)]
 74597 | Pan      | Mangled by Ignacio

Illustrated notes

Levels and vault maps discovered:
D:1:      minmay_arrival_four_loops, layout_basic, serial_shops, shop,
          minmay_crystal_room
D:2:      kennysheep_six_static_rooms, layout_basic,
          ebering_ecumenical_altar_mist, minmay_increasing_density,
          uniq_jessica, uniq_natasha, uniq_sigmund, uniq_robin
D:3:      layout_loops_ring, mainiacjoe_overflow_cross_hatched,
          nicolae_dithmenos_shadow_blocks, amcnicky_altar_gilded
D:4:      layout_loops_ring
D:5:      layout_cave_pools, lemuel_coloured_pillars_altar,
          lemuel_crystal_altar, cheibrodos_sewer_entry_drain, serial_gnoll_camp,
          gnoll_camp_mini_house, gnoll_camp_mini_shop, gnoll_camp_mini_hut,
          gnoll_camp_medium_02, uniq_duvessa
D:6:      layout_basic, minmay_temple_entry_trees, serial_undead,
          serial_undead_d, serial_undead_b, serial_undead_d, serial_undead_c
D:7:      layout_loops_corners, mainiacjoe_overflow_boulevard, enter_ossuary_5,
          grunt_ministairs_15, nicolae_figureground_sparkle
D:8:      minmay_chambers_of_fours, layout_loops_corners, old_standard_altar,
          mainiacjoe_overflow_chevrons, lair_entry_dummy
D:9:      layout_loops_corners, hangedman_weighted_door, minmay_librarian,
          uniq_prince_ribbit1
D:10:     layout_basic, mainiacjoe_overflow_catwalk, nicolae_water_bricks,
          nrook_pool_corridor, minmay_statue_bubble
D:11:     layout_basic, uniq_urug
D:12:     layout_basic, nicolae_trove_entry_columns, gauntlet_entry_generic,
          grunt_qazlal_clouds, uniq_josephine
D:13:     layout_irregular_city, nicolae_good_shop
D:14:     layout_loops_ring, hangedman_vaults_entry_quadrant_bands,
          kennysheep_pointless_box
D:15:     gammafunk_depths_entry_grave, layout_basic,
          chequers_serial_rivers_micro_c, ebering_ghost_xom
Temple:   dshaligram_water_room_temple
Lair:1:   layout_regular_city, hangedman_tree_tricks, minmay_hedge_maze,
          st_stairs_10, uniq_fannar
Lair:2:   layout_cave_shapes, dummy_snake_entry, uniq_sonja
Lair:3:   layout_regular_city, nicolae_swamp_entry_splash_gauntlet,
          serial_bayou_lagoon_a, minmay_lindwurm_lava
Lair:4:   layout_regular_city, lemuel_oklob_altar
Lair:5:   hangedman_lair_tendril_chambers, layout_long_grid,
          hangedman_lair_in_review, slime_entry_1, basic_altar,
          hangedman_lair_unloving_vines, grunt_forest_small_clearing_treed
Swamp:1:  layout_basic_swamp, evilmike_swamp_ruin_house_1
Swamp:2:  layout_basic_swamp, evilmike_swamp_ruin_rubble_1,
          infiniplex_staircase_pool, uniq_donald
Swamp:3:  layout_falls_marsh, nicolae_swamp_dense_foliage, uniq_kirke,
          uniq_jorgrun
Swamp:4:  swamp_old_school, layout_basic_swamp
Snake:1:  layout_honeycomb, grunt_megastairs_3
Snake:2:  layout_cave_shapes, uniq_louise, uniq_vashnia
Snake:3:  layout_concentric_octagons, basic_altar, serial_shops,
          nicolae_square_shop, uniq_aizul, uniq_mlioglotl
Snake:4:  minmay_snake_end_coiled, layout_cave_town, minmay_shoptagon
Slime:1:  layout_caves, nicolae_slime_phagocytosis
Slime:2:  layout_caves
Slime:3:  layout_caves, nicolae_slime_welcoming_committee
Slime:4:  layout_caves
Slime:5
Orc:1:    layout_caves, nicolae_volcano_entry_s_turn
Orc:2:    grunt_orc_tribal_feast, layout_caves, serial_shops, shop_statue
Elf:1:    layout_geoelf_octagon, serial_shops, shop, evilmike_minifort,
          palyth_stone_intersect, nicolae_elf_w_pinch
Elf:2:    nicolae_elf_blades_splatter_lattice
          [nicolae_blade_entry_floor_patterns], layout_onion_city, basic_altar,
          serial_shops, nicolae_shop_temple_entry_statues_fountains
Elf:3:    minmay_elf_hall_circle, layout_rooms, uniq_roxanne, uniq_zenata
Vaults:1: portal_desolation_entry_salt, vaults_mumra_minichess,
          vaults_room_boxed, nicolae_vaults_little_ls,
          vaults_mumra_minichess_inversion, nicolae_vaults_specimen_jars,
          dpeg_vaults_monster_box, vaults_dpeg_ring,
          nicolae_vaults_holding_cells, grunt_vaults_funnel,
          hangedman_vaults_maws, layout_vaults_big_room
Vaults:2: nzn_ghost_randoct, minmay_crypt_entry_simple_corners,
          hangedman_vaults_locks, hangedman_vaults_restitches,
          vaults_dpeg_hooks, vaults_mumra_hexcomb, vaults_room_pools,
          gammafunk_sealed_library, hangedman_vaults_nails, v_rooms_1,
          vaults_room_hallway, layout_vaults_maze_bifur, uniq_margery,
          uniq_boris, uniq_nikola, uniq_jory
Vaults:3: vaults_mumra_hex, vaults_dpeg_encased_lava, v_misc_15,
          ontoclasm_vaults_loading_screen, ontoclasm_vaults_idyll,
          hangedman_vaults_nodes, nicolae_vaults_network_square,
          hangedman_vaults_stretched_pinwheel, hangedman_vaults_variations,
          v_rooms_3, nicolae_vaults_little_squares_3, v_misc_10,
          vaults_room_stairs_pillars, vaults_dpeg_emergency_exit,
          ontoclasm_vaults_twist, ontoclasm_vaults_pinch, layout_vaults_ring,
          serial_shops, nicolae_diamond_shop
Vaults:4: nicolae_vaults_little_squares_4, hangedman_vaults_river_flow,
          nicolae_vaults_hallways_thing, nicolae_vaults_diagonal_hallway_6,
          v_misc_5, st_lines, vaults_room_hallway, v_misc_18,
          nicolae_vaults_ninety_degrees, layout_vaults_big_cross, uniq_mara
Vaults:5
Crypt:1:  layout_chaotic_city, basic_altar, grunt_megastairs_5,
          grunt_crypt_arrival_webbed
Crypt:2:  layout_misc_corridors, grunt_ministairs_3, minivault_24,
          moated_statue, uniq_frederick
Crypt:3:  grunt_crypt_end_deaths_head
Depths:1: layout_forbidden_donut, serial_rivers, chequers_serial_rivers_room_a,
          chequers_serial_rivers_small_3, chequers_serial_rivers_micro_c,
          chequers_serial_rivers_small_3, chequers_serial_rivers_micro_e,
          hellmouth_1, fedhas_altar_fruit_tree, minmay_misc_feat_diagonals,
          solitary_fountain, guppyfry_shop_venom, uniq_asterion, uniq_sojobo
Depths:2: nicolae_BIG_FREAKIN_CUBE, layout_basic, enter_ziggurat_b,
          pf_hell_entry_tar_spiral, minmay_misc_feat_doors,
          rand_demon_pan_entry_5, infiniplex_staircase_pool_2
Depths:3: minmay_expanding_circles, layout_cave_shapes, nrook_mini_vaults,
          abyss_entry, grunt_mini_vestibule, rand_demon_pan_entry_8,
          minmay_strange_pillars, infiniplex_staircase_zigzag_1
Depths:4: grunt_zot_entry_hairpin, layout_cave_pools, pf_dread_powers_of_hell,
          minmay_misc_feat_roman, pan_entry, lightli_enter_wizlab_magi_temple,
          kennysheep_vampire_church, minmay_shop_grove, uniq_saint_roka
Pan:      evilmike_mini_pan_murderfest, layout_pan_divisions_a
          [pan_division_quadrant_a3, pan_division_quadrant_a6,
          pan_division_quadrant_a4, pan_division_quadrant_a4,
          pan_division_octagon_empty], pan_disco_hall, layout_rooms,
          pan_blood_fountain_small, uniq_ignacio

Skill      XL: |  1  2  3  4  5  6  7  8  9 10 11 12 13 14 15 16 17 18 19 20 21 22 23 24 25 26 27 |
---------------+----------------------------------------------------------------------------------+-----
Axes           | 3 4 5 7 9 11 14 16 17 20 22 24 | 24.1
Fighting       | 4 5 6 8 10 11 12 14 17 19 21 22 23 25 26 27 | 27.0
Armour         | 4 5 7 8 10 11 12 14 16 17 18 19 20 21 23 25 27 | 27.0
Shields        | 4 5 6 9 12 15 16 19 21 25 27 | 27.0
Dodging        | 1 3 5 10 15 | 15.7
Stealth        | 1 2 |  2.9
Invocations    | 2 3 4 5 6 9 11 | 11.9
Evocations     | 1 |  1.6
Necromancy     | 3 |  3.6
Short Blades   | 4 |  4.0
Ice Magic      | 3 |  3.1
Staves         | 3 |  3.5
Throwing       | 3 |  3.2
Conjurations   | 4 |  4.1
Hexes          | 3 |  3.3
Summonings     | 3 |  3.1
Fire Magic     | 3 |  3.7
Air Magic      | 2 |  2.5
Earth Magic    | 4 |  4.4
Poison Magic   | 2 |  2.7
Translocations | 2 |  2.3
Transmutations | 2 |  2.1

Action                   |  1- 3 |  4- 6 |  7- 9 | 10-12 | 13-15 | 16-18 | 19-21 | 22-24 | 25-27 || total
-------------------------+-------+-------+-------+-------+-------+-------+-------+-------+-------++-------
Melee: War axe           |    94 |   184 |   363 |   539 |       |       |       |       |       ||  1180
       Executioner's axe |       |       |       |   152 |   599 |   266 |       |       |       ||  1017
       Broad axe         |       |       |       |       |       |   709 |  1034 |  1141 |  1794 ||  4678
Invok: Heroism           |       |       |       |     3 |     4 |    12 |     5 |    21 |    15 ||    60
       Finesse           |       |       |       |       |     1 |     6 |     4 |    14 |    10 ||    35
       Duel              |       |       |       |       |       |       |       |       |     2 ||     2
Evoke: Wand              |       |       |       |       |     3 |       |       |     1 |     4 ||     8
  Use: Potion            |       |     1 |     4 |    12 |     3 |    10 |     4 |     7 |    31 ||    72
       Scroll            |       |     2 |     6 |    18 |    12 |    10 |     6 |     8 |    22 ||    84
 Stab: Invisible         |       |       |       |    10 |       |     2 |     9 |       |     5 ||    26
       Confused          |       |       |       |       |       |     1 |       |       |       ||     1
       Paralysed         |       |       |       |       |       |       |     1 |       |       ||     1
Armor: Scale mail        |    49 |   101 |       |       |       |       |       |       |       ||   150
       Plate armour      |       |     5 |   189 |   345 |   250 |       |       |       |       ||   789
       Crystal plate arm |       |       |       |       |   150 |   870 |   616 |   512 |   416 ||  2564
       Skin              |       |       |       |       |       |       |     3 |       |       ||     3
Dodge: Dodged            |    59 |    88 |   141 |   204 |   186 |   324 |   200 |   257 |   266 ||  1725
Block: Buckler           |    19 |    36 |    73 |   103 |       |       |       |       |       ||   231
       Tower shield      |       |       |       |       |       |   762 |  1005 |  1175 |  1640 ||  4582
       Reflection        |       |       |       |       |       |       |       |       |    28 ||    28

Table legend: (Time is in decaauts)
 A = Elapsed time spent in this place.
 B = Non-inter-level travel time spent in this place.
 C = Inter-level travel time spent in this place.
 D = Time resting spent in this place.
 E = Time spent auto-exploring this place.
 F = Levels seen in this place.
 G = Mean time per level.
                   A        B        C        D        E       F      G
               +--------+--------+--------+--------+--------+-----+--------+
         Total |  73584 |  63417 |  10167 |  15119 |  36219 |  73 | 1008.0 |
       Dungeon |  20287 |  16862 |   3425 |   3484 |  10755 |  15 | 1352.5 |
        Temple |    133 |    111 |     22 |      0 |    100 |   1 |  133.0 |
          Lair |   6519 |   4897 |   1622 |   1100 |   3042 |   5 | 1303.8 |
         Swamp |   5329 |   5139 |    190 |   1893 |   2406 |   4 | 1332.2 |
     Snake Pit |   6468 |   6061 |    407 |   1800 |   3383 |   4 | 1617.0 |
    Slime Pits |   2803 |   2371 |    432 |   1211 |    507 |   5 |  560.6 |
  Orcish Mines |   2540 |   2005 |    535 |    496 |   1146 |   2 | 1270.0 |
   Elven Halls |   3310 |   3057 |    253 |    371 |   2015 |   3 | 1103.3 |
        Vaults |  10283 |   9104 |   1179 |   2220 |   5429 |   5 | 2056.6 |
         Crypt |   3356 |   2777 |    579 |    139 |   1890 |   3 | 1118.7 |
        Depths |   6362 |   4844 |   1518 |   1553 |   2507 |   4 | 1590.5 |
         Abyss |   1488 |   1488 |      0 |    385 |    229 |   6 |  248.0 |
   Pandemonium |    650 |    650 |      0 |      0 |    448 |   2 |  325.0 |
      Ziggurat |    799 |    799 |      0 |    273 |    271 |   9 |   88.8 |
         Trove |     74 |     74 |      0 |      0 |     55 |   1 |   74.0 |
       Ossuary |    611 |    611 |      0 |    191 |    248 |   1 |  611.0 |
        Wizlab |    470 |    470 |      0 |      0 |    343 |   1 |  470.0 |
    Desolation |   1407 |   1407 |      0 |      0 |   1056 |   1 | 1407.0 |
      Gauntlet |    688 |    688 |      0 |      0 |    388 |   1 |  688.0 |
               +--------+--------+--------+--------+--------+-----+--------+

Top non-repeatable levels by time:
Vaults:4: 2817 daAuts
     D:9: 2653 daAuts
Depths:3: 2603 daAuts
 Swamp:3: 2451 daAuts
Vaults:2: 2295 daAuts
 Snake:2: 2269 daAuts
Vaults:1: 2237 daAuts
 Snake:4: 1791 daAuts
  Lair:5: 1757 daAuts
  Lair:1: 1754 daAuts
Depths:4: 1658 daAuts
     D:2: 1578 daAuts
Vaults:5: 1573 daAuts
    D:10: 1544 daAuts
   Orc:2: 1513 daAuts
